Map: [ESL] Inside and Out

Players

Strange - Winner!

  • Race: Protoss Protoss
  • Spawn Location: 1:00

Rattata

  • Race: Zerg Zerg
  • Spawn Location: 7:00

Event: DreamHack SC2 Masters 2022 Atlanta (Online)

VOD

Have the link to the VOD?

Description

Time

  • Played on: Oct. 2, 2022, 2:22 p.m.
  • Length: 7:00

All games in this series

Show
View Real Time Build Order
Export as new Build Order

Strange Protoss - Winner!

Build Orders: 1 Gate Expand, Mass Adepts 

Get SALT Encoding   

  12  0:00  Probe  
  13  0:12  Probe  
  14  0:19  Pylon  
  14  0:24  Probe (Chrono Boost)  
  15  0:37  Gateway, Probe (Chrono Boost)  
  16  0:45  Probe (Chrono Boost)  
  16  0:46  Assimilator  
  17  0:52  Probe  
  19  1:04  Probe  
  19  1:16  Probe  
  20  1:22  Nexus  
  20  1:32  Cybernetics Core  
  20  1:34  Probe  
  21  1:41  Assimilator  
  21  1:46  Probe  
  22  1:52  Pylon  
  22  1:59  Probe (Chrono Boost)  
  23  2:10  Adept, Warp Gate  
  23  2:11  Probe (Chrono Boost)  
  26  2:17  Probe (Chrono Boost)  
  26  2:20  Twilight Council  
  27  2:25  Probe (Chrono Boost)  
  28  2:36  Probe x2 (Chrono Boost)  
  30  2:40  Stalker  
  33  2:44  Probe x2 (Chrono Boost)  
  34  2:51  Probe  
  34  2:52  Probe  
  36  3:00  Gateway  
  36  3:03  Gateway  
  36  3:04  Probe  
  37  3:06  Probe  
  37  3:10  Adept, Resonating Glaives (Chrono Boost)  
  40  3:16  Probe  
  40  3:19  Probe  
  42  3:24  Pylon  
  42  3:28  Probe  
  42  3:31  Probe  
  44  3:40  Probe  
  45  3:41  Pylon  
  45  3:48  Nexus  
  45  3:58  Adept x3  
  51  4:03  Pylon  
  51  4:07  Robotics Facility  
  51  4:18  Adept x3  
  57  4:32  Gateway x2  
  57  4:34  Gateway  
  57  4:38  Gateway  
  57  4:39  Gateway  
  57  4:45  Pylon  
  57  4:52  Warp Prism (Chrono Boost)  
  57  4:58  Adept x3  
  65  5:05  Pylon  
  65  5:14  Pylon  
  65  5:19  Shield Battery  
  65  5:22  Adept  
  65  5:23  Adept x2  
  71  5:32  Adept x3  
  73  5:38  Adept x2  
  75  5:45  Pylon  
  75  5:54  Adept x4  
  75  5:55  Adept x2  
  87  5:58  Adept  
  89  6:15  Adept x4  
  93  6:23  Adept x3  
  91  6:44  Pylon  
  91  6:45  Pylon  
Show
View Real Time Build Order
Export as new Build Order

Rattata Zerg 

Build Orders: Hatch First 

Get SALT Encoding   

  12  0:00  Drone  
  13  0:12  Overlord  
  13  0:16  Drone  
  14  0:31  Drone x2  
  16  0:47  Hatchery  
  15  0:51  Drone  
  15  0:54  Drone  
  17  0:57  Drone  
  18  1:08  Extractor  
  17  1:13  Spawning Pool  
  17  1:16  Drone  
  17  1:19  Drone  
  18  1:29  Drone  
  19  1:39  Drone  
  20  1:50  Overlord  
  20  1:59  Queen  
  20  2:00  Zergling x4, Queen  
  26  2:10  Drone  
  26  2:11  Drone  
  26  2:13  Metabolic Boost  
  28  2:22  Drone x2  
  30  2:33  Hatchery  
  30  2:35  Drone  
  30  2:38  Drone  
  30  2:43  Queen  
  33  2:49  Overlord  
  33  2:52  Drone  
  33  2:54  Drone  
  33  2:56  Zergling x2  
  36  3:07  Queen  
  36  3:09  Drone x3  
  36  3:10  Drone  
  42  3:14  Overlord  
  42  3:19  Queen  
  44  3:28  Spore Crawler, Drone  
  44  3:33  Drone x3  
  47  3:38  Drone  
  48  3:43  Zergling x6  
  48  3:45  Queen  
  52  3:49  Overlord  
  52  3:50  Drone  
  52  3:55  Zergling x6  
  56  4:00  Roach Warren  
  56  4:01  Drone  
  56  4:06  Drone  
  56  4:08  Drone x2  
  56  4:09  Drone  
  60  4:15  Spore Crawler  
  59  4:20  Extractor x2  
  59  4:23  Zergling x2  
  59  4:24  Zergling x10  
  62  4:29  Overlord x2  
  62  4:35  Zergling x8  
  66  4:42  Lair  
  66  4:48  Drone, Evolution Chamber  
  66  4:50  Drone x3  
  70  4:55  Overlord  
  70  4:57  Drone x2  
  70  4:58  Drone  
  71  5:07  Overlord  
  71  5:08  Drone x2  
  71  5:10  Drone x2  
  71  5:13  Drone x2  
  77  5:15  Drone  
  77  5:18  Drone x2  
  79  5:22  Drone, Evolution Chamber  
  79  5:23  Drone  
  79  5:25  Drone  
  79  5:27  Drone  
  82  5:29  Drone  
  82  5:33  Roach x2  
  84  5:38  Roach x2  
  84  5:41  Glial Reconstitution  
  82  5:43  Roach  
  82  5:46  Roach x2  
  82  5:48  Roach  
  90  5:52  Overlord  
  90  5:54  Ravager x2  
  90  5:56  Roach x2  
  96  6:01  Overlord  
  96  6:03  Overlord  
  96  6:10  Roach x3  
  94  6:14  Roach x3  
  81  6:20  Roach  
  81  6:21  Roach x4  
  76  6:26  Roach  
  76  6:30  Roach  
  72  6:35  Roach  
  72  6:39  Roach  
  64  6:46  Ravager  
Tags
 
Add a new tag
Caveats
  • Supply blocks, unpowered buildings, or Contaminate may cause inaccurate times.
  • Supply counts are checked every 10 seconds.